Map: Dead of Night

Players

ZPR

  • Race: Zerg Zerg
  • League: Master
  • Spawn Location: 0:00

Meursault

  • Race: Terran Terran
  • Spawn Location: 0:00

VOD

Have the link to the VOD?

Description

Time

  • Played on: Sept. 18, 2017, 6:03 a.m.
  • Length: 17:17
Show
View Real Time Build Order
Export as new Build Order

ZPR Zerg 

Build Orders:  

Get SALT Encoding   

  12  0:15  Drone x2  
  14  0:21  Drone, Extractor  
  15  0:32  Overlord  
  15  1:06  Hatchery  
  14  1:11  Drone  
  14  1:16  Drone  
  16  1:21  Drone  
  16  1:27  Drone  
  18  1:32  Drone  
  18  1:38  Extractor  
  18  1:41  Extractor  
  18  1:46  Drone  
  18  1:54  Evolution Chamber  
  17  2:02  Drone  
  17  2:06  Drone  
  19  2:16  Drone  
  20  2:22  Drone  
  21  2:31  Drone  
  21  2:35  Heroic Fortitude  
  21  2:36  Drone  
  23  2:46  Drone  
  24  2:51  Drone  
  25  3:01  Drone  
  25  3:05  Zerg Melee Weapons Level 1  
  26  3:10  Spawning Pool  
  26  3:11  Drone  
  26  3:19  Overlord  
  26  3:22  Drone  
  27  3:32  Drone  
  28  3:40  Lair  
  28  3:44  Drone  
  29  3:51  Drone  
  29  3:54  Drone  
  31  4:02  Drone  
  31  4:05  Metabolic Boost  
  32  4:10  Drone  
  33  4:25  Zerg Ground Armor Level 1  
  33  4:33  Drone  
  33  4:34  Overlord  
  33  4:38  Zergling x4  
  36  4:59  Queen, Hive  
  38  5:00  Hardened Carapace  
  38  5:02  Zergling x4  
  40  5:11  Zergling x4  
  42  5:28  Zergling x4  
  44  5:37  Overlord  
  44  5:38  Overlord  
  44  5:45  Chain Reaction  
  44  6:16  Zergling x8  
  44  6:18  Queen  
  44  6:19  Overlord  
  50  6:22  Adrenal Overload  
  50  6:29  Zergling x2  
  51  6:30  Ability Efficiency  
  51  6:38  Hatchery  
  50  6:42  Zergling x4  
  50  6:43  Zergling x2  
  50  6:49  Pneumatized Carapace  
  53  6:52  Shredding Claws, Overseer  
  53  6:57  Zergling x2  
  53  6:58  Zergling x4  
  56  7:02  Overseer  
  56  7:14  Zergling x2  
  56  7:15  Zergling x6  
  60  7:20  Zergling x11  
  60  7:21  Zergling x6  
  60  7:22  Zergling x4  
  60  7:23  Zergling x24  
  60  7:24  Zergling x9  
  60  7:25  Zergling x13  
  60  7:26  Zergling x8  
  60  7:27  Zergling x14  
  60  7:28  Zergling x10  
  60  7:29  Zergling x12  
  61  7:30  Zerg Melee Weapons Level 2, Zergling x15  
  61  7:31  Overlord, Zergling x11  
  61  7:32  Zergling x10  
  61  7:33  Zergling x5  
  61  7:34  Zergling x9  
  61  7:35  Zergling x16  
  61  7:36  Zergling x9  
  61  7:37  Zergling x4  
  61  7:38  Zergling x13  
  61  7:39  Zergling x25  
  61  7:40  Zergling  
  61  7:41  Zergling x19  
  61  7:42  Zergling x15  
  61  7:43  Zergling  
  61  7:44  Zergling x3  
  61  7:45  Zergling x24  
  61  7:46  Zergling x8  
  61  7:47  Zergling  
  61  7:48  Zergling x18  
  61  7:49  Zergling x5  
  61  7:50  Zergling x12  
  61  7:51  Zergling x14  
  61  7:52  Zergling x14  
  61  7:53  Zergling x11  
  61  7:54  Zergling x4  
  61  7:55  Zergling x18  
  61  7:56  Zergling x11  
  61  7:57  Zergling x18  
  61  7:58  Zergling x5  
  61  7:59  Zergling x4  
  61  8:01  Zergling x10  
  61  8:02  Zergling x9  
  61  8:03  Zergling x14  
  61  8:06  Zergling x11  
  61  8:07  Zergling x7  
  61  8:08  Zergling x4  
  61  8:09  Zergling x4  
  73  8:10  Zergling x21  
  73  8:11  Zergling x3  
  73  8:12  Zergling x10  
  73  8:13  Zergling x20  
  73  8:14  Zergling x7  
  73  8:15  Zergling x22  
  73  8:16  Overlord, Zergling x8  
  73  8:17  Zergling  
  73  8:18  Zergling x14  
  73  8:19  Zergling  
  73  8:20  Zergling x15  
  73  8:21  Zergling x17  
  73  8:22  Zergling x19  
  73  8:23  Zergling x13  
  73  8:24  Zergling x11  
  73  8:25  Zergling x18  
  73  8:26  Zergling x12  
  73  8:27  Zergling x15  
  73  8:28  Zergling x9  
  73  8:29  Zergling x24  
  73  8:30  Zergling x17  
  73  8:31  Zergling x18  
  73  8:32  Zergling x11  
  73  8:33  Zergling x8  
  73  8:34  Zergling x5  
  73  8:35  Zergling x18  
  73  8:36  Zergling x3  
  73  8:38  Zergling x7  
  73  8:39  Zergling x3  
  73  8:42  Zergling x3  
  73  8:43  Zergling x15  
  73  8:44  Zergling x45  
  73  8:45  Zergling x3  
  73  8:46  Zergling x5  
  73  8:47  Zergling x11  
  73  8:48  Zergling x20  
  73  8:49  Zergling x14  
  82  8:50  Zergling x12  
  82  8:51  Zergling x14  
  82  8:52  Zergling x5  
  82  8:53  Zergling x26  
  82  8:54  Zergling x14  
  82  8:55  Zergling x14  
  82  8:56  Zergling x24  
  82  8:57  Zergling x21  
  82  8:58  Zergling x27  
  82  8:59  Zergling x10  
  82  9:00  Zergling x38  
  82  9:01  Zergling x21  
  82  9:02  Zergling x18  
  82  9:03  Zergling x13  
  82  9:04  Zergling x45  
  82  9:05  Zerg Ground Armor Level 2, Zergling x7  
  82  9:06  Zergling x14  
  82  9:07  Zergling x35  
  82  9:08  Zergling x14  
  82  9:09  Zergling x11  
  81  9:10  Zergling x27  
  81  9:11  Zergling x47  
  81  9:12  Zergling x13  
  81  9:13  Zergling x8  
  81  9:14  Zergling x15  
  81  9:15  Zergling x12  
  81  9:16  Zergling x12  
  81  9:17  Zergling  
  81  9:19  Zergling x9  
  88  9:20  Zergling  
  88  9:22  Zergling x7  
  88  9:23  Zergling x14  
  88  9:24  Zergling x21  
  88  9:25  Zergling x22  
  88  9:26  Zergling x6  
  88  9:27  Zergling x13  
  88  9:28  Zergling x13  
  88  9:29  Zergling x22  
  89  9:30  Zergling x14  
  89  9:31  Zergling x17  
  89  9:32  Zergling x15  
  89  9:33  Zergling x16  
  89  9:34  Zergling x13  
  89  9:35  Zergling x25  
  89  9:36  Zergling x18  
  89  9:37  Zergling x8  
  89  9:38  Zergling x22  
  89  9:39  Overlord x3, Zergling x34  
  89  9:40  Zergling x7  
  89  9:41  Zergling x15  
  89  9:42  Zergling x34  
  89  9:43  Zergling x21  
  89  9:44  Zergling x16  
  89  9:46  Zergling x16  
  89  9:47  Zergling x9  
  89  9:48  Zergling  
  89  9:49  Zergling x4  
  89  9:50  Zergling x5  
  89  9:51  Zergling x7  
  89  9:52  Zergling x6  
  89  9:53  Zergling x13  
  89  9:54  Zergling x8  
  89  9:55  Zergling x14  
  89  9:56  Zergling x9  
  89  9:57  Zergling x5  
  89  9:58  Zergling x36  
  89  9:59  Zergling x25  
  89  10:00  Zergling x20  
  89  10:01  Zergling x41  
  89  10:02  Zergling x29  
  89  10:03  Zergling x28  
  89  10:04  Zergling x26  
  89  10:05  Zergling x25  
  89  10:06  Zergling x23  
  89  10:07  Zergling x11  
  89  10:08  Zergling x19  
  89  10:09  Zergling x17  
  89  10:10  Zergling x23  
  89  10:11  Zergling x15  
  89  10:12  Zergling x5  
  89  10:13  Zergling x33  
  89  10:14  Zergling x3  
  89  10:17  Zergling x3  
  100  10:21  Zergling x17  
  100  10:22  Zergling x2  
  100  10:23  Zergling x13  
  100  10:24  Zergling x5  
  100  10:25  Zergling x20  
  100  10:26  Zergling x10  
  100  10:27  Zergling x26  
  100  10:28  Zergling x9  
  100  10:29  Zergling x24  
  100  10:30  Zergling x10  
  100  10:31  Zergling x22  
  100  10:32  Zergling x16  
  100  10:33  Zergling x33  
  100  10:34  Zergling x20  
  100  10:35  Zergling x8  
  100  10:36  Zergling x28  
  100  10:37  Zergling x17  
  100  10:38  Zergling x26  
  100  10:39  Zergling x31  
  100  10:40  Zergling x2  
  100  10:41  Zergling x21  
  100  10:42  Nydus Network, Zergling x6  
  100  10:45  Nydus Network  
  98  10:56  Zergling x8  
  98  10:57  Zergling x4  
  104  11:08  Zergling x6  
  104  11:09  Zergling  
  104  11:15  Nydus Network  
  104  11:16  Zergling  
  104  11:17  Zergling x3  
  104  11:18  Zergling  
  104  11:19  Zergling  
  103  11:21  Zergling x2  
  103  11:26  Nydus Network  
  102  11:35  Omega Worm  
  102  11:36  Omega Worm  
  99  11:40  Zergling x2  
  99  11:41  Zergling x10  
  103  11:58  Zergling x2  
  103  11:59  Zerg Melee Weapons Level 3  
  103  12:05  Zergling x6  
  103  12:06  Zergling x2  
  107  12:14  Omega Worm  
  107  12:20  Extractor  
  107  12:22  Drone x2  
  107  12:23  Drone x2  
  107  12:24  Drone  
  111  12:34  Overlord  
  111  12:43  Zergling x7  
  111  12:44  Zergling  
  111  12:46  Zergling x3  
  111  12:48  Omega Worm x2  
  111  13:05  Omega Worm  
  111  13:07  Zergling x14  
  111  13:08  Zergling x6  
  121  13:15  Nydus Network  
  116  13:26  Zergling x2  
  116  13:27  Zergling x6  
  116  13:28  Omega Worm  
  82  13:30  Zergling x2  
  120  13:36  Zergling x2  
  120  13:37  Zergling x2  
  120  13:53  Omega Worm  
  120  13:54  Omega Worm  
  120  13:58  Zergling x4  
  120  13:59  Zergling x4  
  121  14:05  Overlord x2  
  121  14:08  Zergling x2  
  120  14:13  Zergling x2  
  120  14:16  Zergling x2  
  121  14:34  Zergling x2  
  121  14:35  Zergling x10  
  121  14:36  Zergling x4  
  121  14:38  Zergling  
  121  14:39  Zergling x9  
  128  14:40  Zergling x7  
  128  14:41  Zergling x3  
  128  14:44  Zergling x4  
  128  14:45  Zergling x2  
  128  14:46  Zergling x11  
  128  14:47  Zergling x17  
  128  14:48  Zergling x13  
  128  14:49  Zergling x9  
  130  14:50  Zergling x28  
  130  14:51  Zergling x10  
  130  14:52  Zergling x22  
  130  14:53  Zergling x2  
  130  14:54  Zergling x6  
  130  14:55  Zergling x17  
  130  14:56  Zergling x3  
  130  14:58  Zergling x54  
  130  14:59  Zergling x18  
  91  15:00  Zergling x40  
  136  15:01  Omega Worm, Zergling x32  
  136  15:02  Zergling x49  
  136  15:03  Zergling x25  
  136  15:04  Zergling x17  
  136  15:05  Zergling x12  
  136  15:06  Zergling x9  
  136  15:07  Zergling  
  136  15:08  Zergling x8  
  136  15:09  Zergling x8  
  92  15:10  Zergling x5  
  133  15:11  Zergling x19  
  133  15:12  Zergling x33  
  133  15:13  Zergling x18  
  133  15:14  Omega Worm, Zergling x21  
  133  15:15  Zergling x35  
  133  15:16  Zergling x43  
  133  15:17  Zergling x51  
  133  15:18  Zergling x24  
  133  15:19  Zergling x15  
  128  15:20  Zergling x52  
  128  15:21  Zergling x17  
  128  15:22  Zergling x21  
  128  15:23  Zergling x17  
  128  15:24  Zergling x33  
  128  15:25  Zergling x30  
  128  15:26  Zergling x30  
  128  15:27  Overseer, Zergling x53  
  128  15:28  Zergling x38  
  128  15:29  Zergling x49  
  123  15:30  Zergling x37  
  123  15:31  Zergling x27  
  123  15:32  Zergling x39  
  123  15:33  Queen, Zergling x10  
  123  15:34  Zergling x18  
  123  15:35  Zergling x43  
  123  15:36  Overlord x2, Zergling x18  
  123  15:37  Zergling  
  123  15:38  Zergling x10  
  121  15:47  Queen, Zergling x14  
  121  15:48  Zergling x13  
  121  15:49  Zergling x37  
  121  15:50  Zergling x6  
  121  15:51  Zergling x9  
  121  15:52  Zergling x14  
  121  15:53  Zergling x25  
  121  15:54  Zergling x8  
  121  15:55  Zergling x21  
  121  15:56  Zergling x38  
  121  15:57  Zergling x22  
  121  15:58  Zergling x17  
  121  15:59  Zergling x20  
  119  16:00  Zergling x20  
  119  16:01  Zergling x19  
  119  16:02  Zergling x9  
  119  16:03  Zergling x27  
  119  16:04  Zergling x17  
  119  16:05  Zergling x17  
  119  16:06  Zergling x24  
  119  16:07  Zergling x23  
  119  16:08  Zergling x21  
  119  16:09  Zergling x33  
  119  16:10  Zergling x25  
  119  16:11  Zergling x37  
  119  16:12  Zergling x28  
  119  16:13  Zergling x31  
  119  16:14  Zergling x26  
  119  16:15  Zergling x30  
  119  16:16  Zergling x36  
  119  16:17  Zergling x22  
  119  16:18  Zergling x20  
  119  16:19  Zergling x20  
  118  16:20  Zergling x38  
  118  16:21  Zergling x39  
  118  16:22  Zergling x18  
  118  16:23  Zergling x22  
  118  16:24  Zergling x49  
  118  16:25  Zergling x11  
  118  16:26  Zergling x34  
  118  16:27  Zergling x18  
  118  16:28  Zergling x26  
  118  16:29  Zergling x10  
  109  16:30  Zergling x31  
  109  16:31  Zergling x8  
  109  16:32  Zergling x11  
  109  16:33  Zergling x6  
  109  16:34  Zergling  
  106  16:40  Zergling x8  
  106  16:42  Zergling x20  
  106  16:43  Zergling x5  
  106  16:44  Omega Worm  
  106  16:45  Zergling  
Show
View Real Time Build Order
Export as new Build Order

Meursault Terran 

Build Orders:  

Get SALT Encoding   

Tags
 
League
Master
Matchup
Co-op
Replay Pack
Co-op Speedrun
Add a new tag
Caveats
  • Supply blocks, unpowered buildings, or Contaminate may cause inaccurate times.
  • Supply counts are checked every 10 seconds.